Map: Frozen Temple

Players

Miszu - Winner!

  • Race: Zerg Zerg
  • League: Master

IIIIIIIIIIII

  • Race: Terran Terran
  • League: Master

VOD

Have the link to the VOD?

Description

Time

  • Played on: July 1, 2016, 11:43 a.m.
  • Length: 12:42
Show
View Real Time Build Order
Export as new Build Order

Miszu Zerg - Winner!

Build Orders: Hatch First 

Get SALT Encoding   

  12  0:00  Drone  
  13  0:12  Overlord  
  13  0:18  Drone  
  14  0:31  Drone x2  
  16  0:37  Drone  
  17  0:45  Drone  
  18  0:56  Hatchery  
  17  0:59  Drone  
  17  1:03  Extractor  
  17  1:08  Drone  
  18  1:17  Spawning Pool  
  17  1:23  Drone  
  18  1:30  Drone  
  19  1:40  Overlord  
  19  2:00  Drone  
  20  2:01  Drone  
  20  2:06  Queen  
  20  2:07  Queen  
  20  2:08  Metabolic Boost  
  25  2:10  Zergling x2  
  25  2:12  Zergling x2  
  27  2:22  Drone  
  28  2:24  Drone  
  29  2:33  Overlord  
  29  2:34  Drone  
  30  2:41  Drone  
  30  2:43  Drone  
  31  2:48  Queen  
  31  2:51  Pneumatized Carapace  
  33  2:53  Drone  
  34  2:59  Drone  
  35  3:07  Zergling x2  
  35  3:08  Zergling x2  
  35  3:12  Overlord  
  37  3:16  Drone x2  
  37  3:17  Drone x2  
  41  3:21  Roach Warren  
  41  3:23  Zergling x4  
  41  3:32  Zergling x4  
  43  3:36  Zergling x2  
  43  3:44  Zergling x4  
  45  3:54  Zergling x8  
  48  4:00  Zergling x2  
  46  4:10  Lair  
  46  4:12  Extractor  
  46  4:13  Extractor x2, Zergling x4  
  45  4:18  Overlord x2  
  45  4:22  Roach x2  
  49  4:30  Drone x2  
  51  4:37  Drone x2  
  51  4:42  Hatchery  
  51  4:43  Ravager  
  51  4:45  Roach x4  
  59  4:49  Drone x3  
  62  4:54  Drone  
  62  4:56  Ravager  
  64  5:00  Drone  
  64  5:05  Drone  
  66  5:14  Ravager  
  66  5:15  Ravager  
  68  5:25  Overlord x3  
  68  5:33  Spire  
  68  5:34  Evolution Chamber x2  
  68  5:35  Drone  
  65  6:02  Drone x10  
  74  6:08  Queen  
  76  6:11  Drone x2  
  76  6:12  Drone  
  79  6:22  Ravager x2  
  81  6:37  Zerg Melee Weapons Level 1, Zerg Ground Armor Level 1  
  81  6:44  Overlord  
  81  6:49  Zerg Flyer Weapons Level 1  
  81  6:50  Mutalisk x4  
  81  6:53  Drone x4  
  93  6:56  Drone  
  93  7:01  Extractor  
  90  7:03  Drone x3  
  90  7:06  Drone x2  
  90  7:07  Drone  
  96  7:09  Drone x2  
  98  7:17  Extractor  
  98  7:20  Mutalisk x3  
  103  7:23  Drone  
  104  7:35  Drone  
  105  7:55  Overlord x3  
  105  7:56  Overlord x4  
  105  8:08  Hatchery  
  105  8:10  Overlord x2  
  104  8:13  Overlord  
  104  8:24  Mutalisk  
  104  8:25  Mutalisk x8  
  122  8:29  Zergling x4  
  122  8:30  Zergling x2  
  125  8:39  Mutalisk x3  
  131  8:44  Overseer  
  131  8:50  Mutalisk  
  131  8:54  Zergling x12  
  128  9:08  Zergling x18  
  114  9:15  Mutalisk  
  114  9:16  Mutalisk x2  
  118  9:21  Queen  
  120  9:30  Mutalisk x3  
  126  9:39  Zerg Flyer Weapons Level 2  
  126  9:42  Mutalisk  
  127  9:59  Mutalisk  
  124  10:00  Mutalisk x2  
  124  10:04  Mutalisk  
  124  10:05  Zergling x8  
  124  10:06  Zergling x12  
  129  10:13  Mutalisk  
  127  10:15  Zergling x2  
  127  10:16  Queen  
  127  10:18  Extractor  
  127  10:19  Extractor  
  127  10:21  Drone x4, Hatchery  
  131  10:38  Mutalisk x3  
  137  10:44  Overlord x3  
  137  10:47  Drone x2  
  137  10:48  Drone  
  138  11:03  Mutalisk x4  
  144  11:05  Overlord x2  
  143  11:23  Baneling Nest  
  143  11:24  Infestation Pit  
  141  11:27  Zergling x4  
  141  11:28  Zergling x24  
  155  11:34  Zergling x8  
  157  11:43  Zergling x12  
  163  11:47  Zergling x4  
  161  12:01  Zergling x22  
  131  12:02  Zergling x2  
Show
View Real Time Build Order
Export as new Build Order

IIIIIIIIIIII Terran 

Build Orders: MMM Bio 

Get SALT Encoding   

  12  0:00  SCV  
  13  0:13  SCV  
  14  0:18  Supply Depot  
  14  0:25  SCV  
  15  0:39  SCV  
  15  0:40  Barracks  
  16  0:47  Refinery  
  16  0:51  SCV  
  17  1:03  SCV  
  18  1:15  SCV  
  19  1:28  Orbital Command  
  19  1:31  Barracks  
  19  1:34  Barracks  
  19  1:42  Refinery  
  19  1:43  Reaper  
  20  1:52  Supply Depot  
  20  1:58  SCV  
  21  2:13  SCV  
  21  2:15  Reaper  
  23  2:19  Reaper  
  23  2:21  Reaper  
  25  2:24  Supply Depot  
  25  2:25  SCV  
  26  2:37  SCV  
  27  2:47  Reaper  
  27  2:49  SCV  
  29  2:51  Reaper  
  29  2:53  Supply Depot, Reaper  
  31  3:01  SCV  
  32  3:13  SCV  
  32  3:15  Supply Depot  
  32  3:19  Reaper  
  34  3:23  Reaper  
  34  3:25  Reaper, SCV  
  37  3:38  SCV  
  37  3:48  Command Center  
  37  3:50  SCV  
  37  3:51  Reaper  
  39  3:55  Reaper  
  39  3:57  Reaper  
  38  4:07  SCV  
  36  4:17  Command Center  
  36  4:20  SCV  
  36  4:24  Reaper  
  38  4:27  Reaper  
  38  4:29  Reaper  
  40  4:39  SCV  
  40  4:43  Engineering Bay  
  40  4:44  Engineering Bay  
  41  4:51  SCV  
  42  4:54  Barracks  
  42  4:55  Barracks  
  42  5:03  Barracks Tech Lab  
  42  5:07  Barracks Reactor x2, SCV  
  43  5:18  Supply Depot  
  43  5:19  SCV  
  43  5:20  Terran Infantry Weapons Level 1, Terran Infantry Armor Level 1  
  44  5:23  Marine  
  45  5:31  Orbital Command  
  45  5:41  Bunker  
  45  5:43  Barracks Reactor x2, Marine x2  
  45  5:49  Marine  
  48  5:52  SCV  
  48  5:57  Marine x2  
  48  6:01  Marine  
  51  6:04  SCV  
  51  6:06  SCV  
  53  6:13  Stimpack  
  53  6:16  SCV  
  54  6:22  Factory, Orbital Command  
  54  6:32  Orbital Command  
  54  6:38  Marine x4  
  54  6:39  Marine  
  59  6:43  Marine x2  
  59  6:45  Marine  
  59  6:46  Marine  
  63  6:51  SCV x2  
  65  6:56  Refinery  
  65  6:57  Refinery  
  64  7:03  SCV  
  64  7:05  Marine x3  
  64  7:06  Marine x3  
  71  7:09  Starport  
  71  7:13  Factory Reactor  
  71  7:17  Armory  
  71  7:19  SCV x2  
  71  7:20  SCV  
  74  7:23  Marine x2  
  74  7:29  Missile Turret x2  
  76  7:33  Missile Turret  
  74  7:44  Missile Turret  
  74  7:45  Marine x4  
  74  7:46  Bunker  
  74  7:48  SCV  
  78  7:54  SCV  
  78  7:55  SCV  
  78  7:57  Factory Tech Lab  
  79  8:00  SCV  
  79  8:04  Marine x2  
  79  8:05  Marine x2  
  83  8:06  SCV  
  83  8:07  SCV  
  83  8:11  Terran Infantry Weapons Level 2  
  84  8:15  Terran Infantry Armor Level 2  
  84  8:18  Combat Shields  
  82  8:21  SCV  
  82  8:23  SCV  
  82  8:26  SCV  
  83  8:33  Medivac x2, SCV  
  88  8:35  SCV  
  89  8:45  SCV x2  
  89  8:47  SCV  
  92  8:49  Marine  
  93  8:57  Supply Depot  
  93  8:58  Supply Depot  
  93  9:01  SCV  
  93  9:02  Marine x3  
  92  9:03  Marine x3  
  92  9:04  SCV  
  92  9:05  SCV  
  92  9:08  Marine x3  
  79  9:14  Medivac x2  
  79  9:16  SCV  
  77  9:17  SCV x2  
  77  9:20  Marine x3  
  77  9:21  Marine x3  
  77  9:22  Siege Tank  
  88  9:25  Marine  
  88  9:26  Marine, Marauder  
  88  9:29  Refinery, SCV x3  
  95  9:32  Refinery  
  95  9:40  Marine  
  95  9:41  Marine x5  
  99  10:01  SCV  
  99  10:02  Marine x2, SCV x2  
  99  10:03  Marine  
  99  10:06  Liberator  
  86  10:10  Marine x2  
  86  10:14  Marine x4, SCV x2  
  86  10:15  Liberator  
  86  10:20  Supply Depot, Marauder  
  93  10:21  Supply Depot  
  93  10:22  Supply Depot  
  93  10:23  Marine x2  
  93  10:24  Siege Tank  
  93  10:28  Marine x2  
  104  10:32  Factory, Marine x3  
  109  10:41  Marine x2, SCV x2  
  109  10:42  Marine x2  
  115  10:43  Barracks x2  
  115  10:44  Barracks  
  115  10:46  Marine  
  115  10:49  Supply Depot  
  116  10:51  Supply Depot  
  116  10:54  Marine x3  
  116  10:56  Siege Tank  
  118  10:58  Liberator  
  118  10:59  Marine  
  118  11:00  Marine x3  
  120  11:17  Marine  
  119  11:20  Marine x4  
  122  11:27  Marine x3  
  125  11:35  Marine  
  125  11:37  Marine, Command Center  
  125  11:38  Marine x3  
  130  11:41  Liberator  
  130  11:45  Marine x3  
  130  11:46  Siege Tank  
  136  11:47  SCV x3  
  136  11:53  Marine  
  139  11:55  Marine  
  139  11:59  Marine  
  139  12:00  Marine x2  
  121  12:02  Marine  
  121  12:07  Marine  
  121  12:08  Marine  
  104  12:09  SCV  
  104  12:10  SCV  
  104  12:11  Marine  
  104  12:13  Marine  
  96  12:17  Marine  
  96  12:18  Marine x2  
  96  12:20  Marine  
  103  12:29  SCV  
  90  12:30  SCV x2  
Tags
 
Composition
MMM Bio
Matchup
TvZ
Player
Miszu
Add a new tag
Caveats
  • Supply blocks, unpowered buildings, or Contaminate may cause inaccurate times.
  • Supply counts are checked every 10 seconds.